 Dungeon Crawl Stone Soup version 0.26.0-10-g1f06aea511 (webtiles) character file.

Game seed: 12687907814215842633

38808 MisterFreud the Severer (level 13, -2/118 HPs)
             Began as a Minotaur Berserker on Jan 14, 2021.
             Was a High Priest of Trog.
             Slain by a spriggan rider
             ... wielding a +0 spear
              (15 damage)
             ... on level 6 of the Lair of Beasts.
             The game lasted 00:20:13 (14648 turns).

MisterFreud the Severer (Minotaur Berserker)       Turns: 14648, Time: 00:20:13

Health: -2/118     AC: 19    Str: 24    XL:     13   Next: 65%
Magic:  12/12      EV: 13    Int:  6    God:    Trog [*****.]
Gold:   1651       SH:  8    Dex: 17    Spells: 12/12 levels left

rFire    . . .     SeeInvis .   W - +0 war axe
rCold    . . .     Faith    .   E - +0 buckler
rNeg     . . .     Spirit   .   S - +0 plate armour
rPois    +         Reflect  .   (helmet restricted)
rElec    .         Harm     .   x - +2 cloak
rCorr    .         Rampage  .   C - +0 pair of gloves
Will     ++...                  (no boots)
Stlth    ..........             m - amulet of regeneration
HPRegen  1.69/turn              K - ring of poison resistance
MPRegen  0.13/turn              y - +6 ring of dexterity

@: lethally poisoned (-2 -> -2), marked, berserk cooldown, regenerating, slowed,
very slow
A: retaliatory headbutt, horns 2
a: Renounce Religion, Berserk, Trog's Hand, Brothers in Arms


You were on level 6 of the Lair of Beasts.
You worshipped Trog.
Trog was extremely pleased with you.
You visited 2 branches of the dungeon, and saw 16 of its levels.
You also visited: Bailey.

You collected 1785 gold pieces.
You spent 134 gold pieces at shops.

Inventory:

Hand Weapons
 W - a +0 war axe (weapon)
Missiles
 p - 9 throwing nets
 t - 11 javelins
 B - 18 boomerangs
Armour
 x - a +2 cloak (worn)
 C - a +0 pair of gloves (worn)
 E - a +0 buckler (worn)
 S - a +0 plate armour (worn)
Jewellery
 i - an uncursed amulet of guardian spirit {unknown}
 m - an amulet of regeneration (around neck)
 o - an uncursed ring of ice
 y - a +6 ring of dexterity (right hand)
 K - a ring of poison resistance (left hand)
 L - an uncursed amulet of the acrobat
 R - an uncursed ring of fire {unknown}
 X - an uncursed ring of magical power {unknown}
Wands
 b - a wand of paralysis (7)
 u - a wand of acid (27)
 H - a wand of enslavement (10)
 T - a wand of disintegration (23)
Scrolls
 d - 18 scrolls of identify {unknown}
 f - 11 scrolls of remove curse {unknown}
 g - 3 scrolls of fear {unknown}
 j - 7 scrolls of teleportation {unknown}
 q - 2 scrolls of fog {unknown}
 s - 2 scrolls of blinking {unknown}
 w - 5 scrolls of amnesia {unknown}
 G - 3 scrolls of enchant armour {unknown}
 J - 2 scrolls of immolation {unknown}
 N - 2 scrolls of enchant weapon {unknown}
 P - a scroll of vulnerability {unknown}
 Q - 2 scrolls of holy word {unknown}
 U - 2 scrolls of torment {unknown}
 Y - a scroll of magic mapping {unknown}
 Z - a scroll of random uselessness {unknown}
Potions
 c - 2 potions of haste {unknown}
 e - a potion of attraction {unknown}
 h - 2 potions of brilliance {unknown}
 k - 5 potions of flight {unknown}
 l - 9 potions of curing {unknown}
 n - 3 potions of invisibility {unknown}
 r - 4 potions of lignification {unknown}
 v - 2 potions of ambrosia {unknown}
 z - 7 potions of heal wounds {unknown}
 A - a potion of degeneration {unknown}
 D - 2 potions of resistance {unknown}
 F - 3 potions of magic {unknown}
 I - 3 potions of might {unknown}
 O - 2 potions of mutation {unknown}
 V - a potion of berserk rage {unknown}
Miscellaneous
 a - a box of beasts
 M - a phial of floods


   Skills:
 - Level 12.0 Fighting
 - Level 16.0 Axes
 - Level 10.0 Armour
 - Level 10.0 Dodging
 + Level 14.0 Shields


You had 12 spell levels left.
You didn't know any spells.
Your spell library was empty.

Dungeon Overview and Level Annotations

Branches:
Dungeon (10/15)            Temple (0/1) D:6            Lair (6/6) D:8
  Swamp (0/4) Lair:3       Spider (0/4) Lair:3        Slime (0/5) Lair:5
 Bailey (visited)
    Orc: D:9-12

Altars:
Ashenzari
Cheibriados
Elyvilon
Gozag
Hepliaklqana
Kikubaaqudgha
Makhleb
Qazlal
Vehumet
Xom
The Shining One

Shops:
D:4 *   D:6 (

Annotations:
D:7 2 transporters, Yermak's ghost, amateur DDFi
Lair:4 exclusion: 2 oklob plants


Innate Abilities, Weirdness & Mutations

You reflexively headbutt those who attack you in melee.
You have a pair of horns on your head.


Message History

Trog accepts your kill. You block the wolf's attack.
Your stone giant barely misses the yak.
The yak gores you.
* * * LOW HITPOINT WARNING * * *
The spriggan rider hits you from afar with a +0 spear!
* * * LOW HITPOINT WARNING * * *
The spriggan hits you with a +0 dagger.
* * * LOW HITPOINT WARNING * * *
A yak comes into view.
The wolf bites you.
* * * LOW HITPOINT WARNING * * *
A polar bear comes into view.
You hear some strange, mumbled words.
The yak gores your stone giant!
Your stone giant hits the yak!!!
The yak dies!
Trog accepts your kill. The yak barely misses you.
The spriggan completely misses you. You furiously retaliate!
You headbutt the spriggan.
The spriggan rider hits you from afar with a +0 spear!
You die...

.. .....♣ ..
P..... .. #.#.. ♣
.. ##...♣♣♣ h♣ ..
#.#...(♣♣hh♣ ..
#.?....l♣i♣ ..
#....Ylii.♣ ..
#...†YYhhh♣ ...
##....C@i♣♣♣ ..#
##....T.#♣♣ ..###
##.......♣
....####.......#♣
....#.........}#
..........YP..#♣
............#.#.
.........Y......♣
...............♣♣


You could see a spriggan rider, a polar bear, a komodo dragon, 5 yaks, a wyvern
(summoned), 3 spriggans, 5 wolves, a friendly stone giant (summoned, berserk,
very poisoned) and a friendly deep troll (summoned, berserk).

Vanquished Creatures
  7 hydras
  Harold (D:7)
  2 two-headed ogres
  3 death yaks (Lair:5)
  Sonja (Lair:3)
  10 elephants
  2 black mambas
  Joseph (D:8)
  9 cane toads
  Psyche (D:8)
  6 komodo dragons
  3 rime drakes
  A kobold demonologist (D:8)
  A troll (D:9)
  6 polar bears
  A jumping spider (Lair:3)
  4 tyrant leeches (Lair:3)
  18 blink frogs
  Grinder (D:3)
  5 dream sheep (Lair:6)
  A redback (D:8)
  3 wyverns
  A wraith (D:8)
  27 yaks
  3 basilisks
  2 wargs (D:8)
  Menkaure (D:4)
  A swamp worm (Lair:3)
  11 water moccasins
  Duvessa (D:7)
  3 sky beasts
  2 orc warriors
  2 ice beasts
  2 black bears
  A phantom (D:7)
  An ogre (D:4)
  9 wolves
  4 centaurs
  2 big kobolds
  13 bullfrogs
  A wyvern zombie (D:6)
  8 gnoll sergeants (Bailey)
  Dowan (D:7)
  A scorpion (D:9)
  8 wights
  11 killer bees
  An electric eel (Lair:4)
  2 vampire bats (D:3)
  A crimson imp (D:8)
  4 bullfrog zombies
  2 lava snakes (D:8)
  7 hounds
  4 jellies (D:8)
  6 gnoll shamans (Bailey)
  4 orc priests
  2 orc wizards
  7 iguanas
  Natasha (twice) (D:2)
  3 worker ants
  2 hound skeletons
  17 gnolls
  8 adders
  3 shadow imps
  4 ufetubi
  An ooze (D:3)
  2 adder zombies
  4 worms
  5 dart slugs
  3 leopard geckos
  19 orcs
  3 bat skeletons (D:3)
  3 bat zombies (D:3)
  6 giant cockroaches
  7 goblins
  10 hobgoblins
  8 jackals
  3 quokkas
  12 bats
  3 frilled lizards
  14 kobolds
  2 quokka skeletons
  13 rats
400 creatures vanquished.

Vanquished Creatures (collateral kills)
  2 yaks (Lair:6)
  A water moccasin (Lair:6)
3 creatures vanquished.

Vanquished Creatures (others)
  13 fungi
  15 plants
28 creatures vanquished.

Grand Total: 431 creatures vanquished

Notes
Turn   | Place    | Note
-------+----------+-------------------------------------------
     0 | D:1      | MisterFreud the Minotaur Berserker began the quest for the
                  | Orb.
     0 | D:1      | Reached XP level 1. HP: 19/19 MP: 0/0
    53 | D:1      | Reached skill level 4 in Axes
   228 | D:1      | Reached XP level 2. HP: 18/26 MP: 1/1
   750 | D:1      | Reached skill level 5 in Axes
   754 | D:1      | Reached XP level 3. HP: 26/31 MP: 2/2
  1116 | D:2      | Reached ** piety under Trog
  1420 | D:2      | Noticed Natasha
  1428 | D:2      | Killed Natasha
  1429 | D:2      | Reached skill level 6 in Axes
  1429 | D:2      | Reached XP level 4. HP: 17/39 MP: 3/3
  1854 | D:2      | Noticed Natasha
  1864 | D:2      | Killed Natasha
  2469 | D:3      | Noticed Grinder
  2476 | D:3      | Reached XP level 5. HP: 44/45 MP: 4/4
  2480 | D:3      | Reached skill level 7 in Axes
  2483 | D:3      | Killed Grinder
  2484 | D:3      | Reached skill level 8 in Axes
  2484 | D:3      | Reached XP level 6. HP: 53/53 MP: 5/5
  2572 | D:3      | Reached skill level 5 in Fighting
  2662 | D:3      | Reached *** piety under Trog
  2927 | D:3      | Found an ancient bone altar of Kikubaaqudgha.
  3165 | D:4      | Noticed Menkaure
  3172 | D:4      | Killed Menkaure
  3173 | D:4      | Reached XP level 7. HP: 44/63 MP: 6/6
  3420 | D:4      | Reached skill level 1 in Shields
  3667 | D:4      | Reached skill level 5 in Armour
  3709 | D:4      | Found Facyon's Assorted Antiques.
  3722 | D:4      | Bought an emerald potion for 22 gold pieces
  3722 | D:4      | Bought 2 fizzy sapphire potions for 45 gold pieces
  3722 | D:4      | Bought 2 viscous green potions for 45 gold pieces
  3722 | D:4      | Bought a fizzy ruby potion for 22 gold pieces
  4469 | D:4      | Reached **** piety under Trog
  4720 | D:5      | Entered Level 5 of the Dungeon
  4735 | D:5      | Reached XP level 8. HP: 51/70 MP: 7/7
  4747 | D:5      | Found a broken altar of Ashenzari.
  5067 | D:5      | Found a stormy altar of Qazlal.
  5081 | D:5      | Reached skill level 9 in Axes
  5358 | D:5      | Found a snail-covered altar of Cheibriados.
  5571 | D:6      | Reached skill level 10 in Axes
  5647 | D:6      | Reached skill level 11 in Axes
  5684 | D:6      | Reached XP level 9. HP: 72/75 MP: 8/8
  5798 | D:6      | Found Haqoluat's Weapon Shop.
  5886 | D:6      | Reached skill level 12 in Axes
  6004 | D:6      | You fall into a shaft and drop 2 floors!
  6042 | D:8      | Noticed Joseph
  6053 | D:8      | Found a staircase to the Lair.
  6061 | D:8      | Killed Joseph
  6062 | D:8      | Reached skill level 13 in Axes
  6118 | D:8      | Found a large runed translucent door.
  6118 | D:8      | Found a large runed translucent door.
  6119 | D:8      | Noticed a kobold demonologist
  6120 | D:8      | Noticed a red devil
  6146 | D:8      | Killed a kobold demonologist
  6147 | D:8      | Reached skill level 14 in Axes
  6214 | D:8      | Found a glowing golden altar of the Shining One.
  6282 | D:8      | Reached ***** piety under Trog
  6287 | D:8      | Noticed Psyche
  6299 | D:7      | Reached XP level 10. HP: 84/84 MP: 9/9
  6332 | D:7      | Found an opulent altar of Gozag.
  6446 | D:7      | Noticed Harold
  6451 | D:7      | Found a transporter.
  6463 | D:7      | Killed Harold
  6490 | D:7      | Noticed Yermak's ghost (amateur DDFi)
  6510 | D:7      | Found a white marble altar of Elyvilon.
  6603 | D:7      | Found a transporter.
  6682 | D:7      | Noticed Duvessa
  6682 | D:7      | Noticed Dowan
  6706 | D:7      | Killed Duvessa
  6710 | D:7      | Killed Dowan
  6933 | D:6      | Found a staircase to the Ecumenical Temple.
  7124 | D:8      | Reached skill level 5 in Dodging
  7129 | D:8      | Killed Psyche
  7178 | D:8      | Noticed a two-headed ogre
  7188 | D:8      | Killed a two-headed ogre
  7677 | D:8      | Found a burning altar of Makhleb.
  7768 | D:8      | Found a shimmering altar of Xom.
  7908 | D:8      | Found a radiant altar of Vehumet.
  7908 | D:8      | Noticed an eight-headed hydra
  7923 | D:8      | Killed a 14-headed hydra
  7961 | D:8      | Found an opulent altar of Gozag.
  8051 | D:9      | Reached XP level 11. HP: 97/97 MP: 10/10
  8329 | D:9      | Found a hazy altar of Hepliaklqana.
  8333 | D:9      | Found a radiant altar of Vehumet.
  8357 | D:9      | Noticed a two-headed ogre
  8367 | D:9      | Killed a two-headed ogre
  8400 | D:9      | Found a flagged portal.
  8595 | Bailey   | Entered a bailey
  8658 | Bailey   | Received a gift from Trog
  8749 | Bailey   | Reached skill level 10 in Fighting
  8859 | Bailey   | Reached skill level 10 in Armour
  9116 | D:10     | Entered Level 10 of the Dungeon
  9344 | Lair:1   | Entered Level 1 of the Lair of Beasts
  9366 | Lair:1   | Noticed a seven-headed hydra
  9379 | Lair:1   | Killed a 12-headed hydra
 10385 | Lair:2   | Noticed a six-headed hydra
 10395 | Lair:2   | Killed a 12-headed hydra
 10396 | Lair:2   | Reached XP level 12. HP: 82/110 MP: 11/11
 10627 | Lair:2   | Reached skill level 15 in Axes
 10641 | Lair:2   | Reached skill level 10 in Dodging
 10928 | Lair:2   | Noticed a five-headed hydra
 10939 | Lair:2   | Killed a ten-headed hydra
 11116 | Lair:2   | Noticed a six-headed hydra
 11133 | Lair:2   | Killed a 16-headed hydra
 11134 | Lair:2   | Reached skill level 16 in Axes
 11525 | Lair:3   | Reached skill level 5 in Shields
 11528 | Lair:3   | Found a hole to the Spider Nest.
 11599 | Lair:3   | Noticed a seven-headed hydra
 11608 | Lair:3   | Killed a 13-headed hydra
 11656 | Lair:3   | Noticed Sonja
 11659 | Lair:3   | Killed Sonja
 12037 | Lair:3   | Found a staircase to the Swamp.
 12346 | Lair:3   | Reached XP level 13. HP: 96/118 MP: 12/12
 12357 | Lair:3   | Reached skill level 10 in Shields
 13237 | Lair:4   | Reached ****** piety under Trog
 13619 | Lair:6   | Entered Level 6 of the Lair of Beasts
 13648 | Lair:5   | Received a gift from Trog
 13724 | Lair:5   | Found a staircase to the Slime Pits.
 14648 | Lair:6   | Slain by a spriggan rider

Illustrated notes

Levels and vault maps discovered:
D:1:      psy_arrival_dodecagon, layout_rooms, minmay_quantized
D:2:      layout_loops_ring, kennysheep_donut, uniq_natasha
D:3:      layout_basic, kennysheep_vampire_church, kennysheep_generic_room_13,
          uniq_grinder
D:4:      layout_cave_pods, serial_shops, shop, uniq_menkaure
D:5:      layout_cave_pools, nicolae_overflow_crystal_walls, marbit_many_paths,
          evilmike_ruin_ashenzari, minmay_misc_feat_four_crosses
D:6:      layout_basic, minmay_temple_entry_antechambers, serial_shops,
          nicolae_shop_statue_plus
D:7:      layout_rooms, nicolae_gozag_cash_rules_everything_around_me,
          elyvilon_altar_1, nicolae_overflow_hidden_temple,
          gammafunk_ghost_arena, minmay_misc_feat_tower,
          kennysheep_generic_room_14, uniq_harold, uniq_duvessa
D:8:      layout_loops_ring, grunt_temple_overflow_champion_of_chaos,
          nicolae_tso_carved_into_rock, erik_lair_orcish_takeover,
          grunt_decor_junction, jmf_multi_god_temple2, uniq_joseph, uniq_psyche
D:9:      layout_cave_pools, grunt_temple_overflow_open, enter_bailey_2
D:10:     layout_rooms, ebering_ghost_rock_garden
Lair:1:   layout_regular_city, hibernation_bobbens, infiniplex_staircase_pool_2
Lair:2:   layout_loops_ring, grunt_megastairs_3
Lair:3:   layout_cave_pods, minmay_swamp_entry_worms, spider_nest_entry_a,
          bh_autumn_forest_stairs, uniq_sonja
Lair:4:   layout_regular_city, infiniplex_staircase_pool, serial_bayou_shore_a,
          minmay_lair_oklob_chamber
Lair:5:   layout_small_grid, dpeg_slime_entry_corner, grunt_megastairs_1
Lair:6:   minmay_lair_end_enchanted_forest, layout_hall_layers,
          gauntlet_entry_generic, st_stairs_5, nicolae_lair_yak_garden

Skill      XL: |  1  2  3  4  5  6  7  8  9 10 11 12 13 |
---------------+----------------------------------------+-----
Axes           | 4 5 6 8 11 14 16 | 16.0
Fighting       | 4 6 9 11 12 | 12.0
Armour         | 4 6 9 10 | 10.0
Shields        | 4 9 14 | 14.0
Dodging        | 3 6 9 10 | 10.0

Action                   |  1- 3 |  4- 6 |  7- 9 | 10-12 | 13-15 || total
-------------------------+-------+-------+-------+-------+-------++-------
Melee: Hand axe          |    88 |   116 |   270 |   340 |       ||   814
       Headbutt          |    15 |    16 |    65 |   199 |    77 ||   372
       War axe           |       |       |       |   323 |   248 ||   571
Invok: Berserk           |     1 |     3 |     7 |    21 |     4 ||    36
       Brothers in Arms  |       |       |       |       |     2 ||     2
       Trog's Hand       |       |       |       |       |     1 ||     1
Evoke: Wand              |       |       |       |     4 |     1 ||     5
 Stab: Sleeping          |     1 |     3 |       |       |       ||     4
       Paralysed         |       |       |       |     3 |     2 ||     5
Armor: Animal skin       |    17 |    40 |       |       |       ||    57
       Chain mail        |       |       |   118 |    26 |       ||   144
       Plate armour      |       |       |       |   275 |   114 ||   389
Dodge: Dodged            |    55 |    64 |    93 |   301 |   148 ||   661
Block: Buckler           |       |       |    53 |   161 |    93 ||   307
